 Dungeon Crawl Stone Soup version 0.17.1-2-g5865329 (webtiles) character file.

93 ololoev the Chopper (level 4, 0/35 HPs)
             Began as a Demonspawn Fighter on Feb 12, 2016.
             Slain by an orc
             ... wielding a +0 whip
              (1 damage)
             ... on level 4 of the Dungeon.
             The game lasted 00:03:42 (458 turns).

ololoev the Chopper (Demonspawn Fighter)             Turns: 458, Time: 00:03:42

Health: 0/35       AC: 10    Str: 18    XL:     4   Next: 36%
Magic:  4/4        EV:  4    Int:  9    God:
Gold:   68         SH:  8    Dex: 12    Spells: 0 memorised, 3 levels left

rFire  . . .     SeeInvis .     a - +0 war axe
rCold  . . .     Clarity  .     f - +1 chain mail
rNeg   . . .     SustAt   .     c - +0 shield
rPois  .         Gourm    +     (helmet restricted)
rElec  .         Spirit   .     (no cloak)
rCorr  .         Warding  .     (no gloves)
rMut   .         Stasis   .     (no boots)
MR     .....                    b - amulet of the gourmand
Stlth  ..........               (no ring)
                                (no ring)

@: not resistant to hostile enchantments, extremely unstealthy
A: antennae 1, high mp 1, mutation resistance 1, powered by pain 2
a: no special abilities


Innate Abilities, Weirdness & Mutations

You have a pair of small antennae on your head.
You sometimes gain power by taking damage.
You have an increased reservoir of magic (+10% MP).
You are somewhat resistant to further mutation.

Inventory:

Hand Weapons
 a - a +0 war axe (weapon)
Armour
 c - a +0 shield (worn)
 f - a +1 chain mail (worn)
Jewellery
 b - an amulet of the gourmand (around neck)
Scrolls
 i - a scroll of enchant weapon {unknown}
 l - a scroll of remove curse {unknown}
Comestibles
 e - a bread ration
 g - a chunk of flesh


   Skills:
 - Level 3.0 Fighting
 * Level 3.8 Axes
 + Level 3.2 Armour
 - Level 2.6 Shields


You had 3 spell levels left.
You didn't know any spells.


You were on level 4 of the Dungeon.
You were not hungry.

You visited 1 branch of the dungeon, and saw 4 of its levels.

You collected 68 gold pieces.

.$.....
......... #
......... #.
.........# #..
#[.......##
#..##
..........#
...##
..........#
#o.##
.......$.<#
#@.#
..........#
##O#
........?.#
#h#
#......h.##
#h###
##......##
#...# ####...#
###h####
###.## #....#
####..#
####.###.h.#.#
#.......#.#

Notes
Turn   | Place    | Note
--------------------------------------------------------------
     0 | D:1      | ololoev the Demonspawn Fighter began the quest for the Orb.
     0 | D:1      | Reached XP level 1. HP: 18/18 MP: 1/1
    45 | D:1      | Gained mutation: You sometimes gain a little power by taking damage. [demonic ancestry]
    45 | D:1      | Reached XP level 2. HP: 18/24 MP: 2/2
   202 | D:2      | HP: 1/24 [adder (2)]
   205 | D:2      | Gained mutation: You sometimes gain power by taking damage. [demonic ancestry]
   205 | D:2      | Reached XP level 3. HP: 18/29 MP: 3/3
   233 | D:1      | Gained mutation: You have an increased reservoir of magic (+10% MP). [potion of mutation]
   233 | D:1      | Gained mutation: You are somewhat resistant to further mutation. [potion of mutation]
   296 | D:3      | Noticed Grinder
   297 | D:3      | Noticed a moth of wrath
   340 | D:3      | Noticed Ijyb
   371 | D:3      | Killed Ijyb
   371 | D:3      | Gained mutation: You have a pair of small antennae on your head. [demonic ancestry]
   371 | D:3      | Reached XP level 4. HP: 10/35 MP: 4/4
   435 | D:4      | Noticed an ogre
   458 | D:4      | HP: 1/35 [ogre/giant spiked club (18)]
   458 | D:4      | Slain by an orc

Dungeon Overview and Level Annotations

Branches:
Dungeon (4/15)
 Temple: D:4-7

Altars:

Annotations:
D:3 Grinder


Message History

You hit Ijyb.
Ijyb is lightly wounded.
You block Ijyb's attack. x2
You slash Ijyb!
Ijyb is severely wounded.
You block Ijyb's attack.
You hit Ijyb.
Ijyb is almost dead.
Ijyb hits you but does no damage.
You slash Ijyb!
You kill Ijyb!
You have reached level 4!
You feel stronger.
Your demonic ancestry asserts itself...
A pair of antennae grows on your head!
You now have 68 gold pieces (gained 16).
You feel a little less mighty now.
A giant cockroach comes into view.
You slash the giant cockroach!
You kill the giant cockroach!
Some of the chunks of flesh in your inventory have rotted away.
Found a stone staircase leading down.
There is a stone staircase leading down here.
You climb downwards. 2 jackals and an ogre come into view.
The ogre shouts!
The jackal barks!
The jackal barks!
Found 22 gold pieces and a scroll of identify.
There is a stone staircase leading up here.
Found a leather armour.
You see here a scroll of identify.
Found a stone staircase leading down.
You aren't carrying any potions.
Unknown command.
A jackal comes into view.
An orc comes into view. It is wielding a whip.
You closely miss the orc. You hit the ogre.
The ogre is lightly wounded.
The ogre hits you with a giant spiked club!!
Ouch! That really hurt!
The orc hits you with a whip.
You die...

You could see an ogre, an orc and 2 jackals.

Vanquished Creatures
  Ijyb (D:3)
  3 adders
  A worm (D:2)
  An orc (D:2)
  3 bats
  4 giant cockroaches
  A goblin (D:2)
  3 hobgoblins (D:1)
  4 jackals (D:2)
  2 giant geckos
  A giant newt (D:2)
  5 kobolds
  4 rats
33 creatures vanquished.

Action                   |  1- 3 |  4- 6 || total
-------------------------+-------+-------++-------
Melee: War axe           |   101 |     2 ||   103
  Use: Potion            |     3 |       ||     3
       Scroll            |     3 |       ||     3

Vault maps used:
D:1:      eino_arrival_cavern_b, serial_park_tiny_2
D:2:      first_bread, ecumenical_altar_1
D:3:      tgw_trog, grunt_temple_overflow_open, nemelex_spade_bored_becter,
          uniq_robin, uniq_grinder, uniq_iyjb
D:4:      okawaru_gym_becter, small_statue_intersection
